 Dungeon Crawl Stone Soup version 0.24.0-35-gdb84b6a5db (webtiles) character file.

Game seed: 16756826305064100469, levelgen mode: deterministic

56 Katsumi the Changer (level 3, -2/15 HPs)
             Began as a Felid Transmuter on Nov 19, 2019.
             Slain by a sky beast (5 damage)
             ... on level 2 of the Dungeon.
             The game lasted 00:02:55 (3054 turns).

Katsumi the Changer (Felid Transmuter)              Turns: 3054, Time: 00:02:56

Health: -2/15      AC:  1    Str:  6    XL:     3   Next: 69%
Magic:  0/7        EV: 18    Int: 15    God:
Gold:   102        SH:  0    Dex: 16    Spells: 3/6 levels left
                                        Lives:  0   Deaths: 0

rFire    . . .     SeeInvis +     - Unarmed
rCold    . . .     Gourm    .   (shield unavailable)
rNeg     . . .     Faith    .   (armour unavailable)
rPois    .         Spirit   .   (helmet unavailable)
rElec    .         Reflect  .   (cloak unavailable)
rCorr    .         Harm     .   (gloves unavailable)
MR       .....                  (boots unavailable)
Stlth    ++........             (no amulet)
HPRegen  0.05/turn              (no ring)
MPRegen  0.10/turn              (no ring)

@: appendage, quick
A: very small, no armour, no weapons or thrown items, stealth, claws 1, fangs 3,
horns 2, see invisible, carnivore, speed 1, shaggy fur 1, slow metabolism 1,
sharp paws
a: End Transformation


You were on level 2 of the Dungeon.
You were very full.
You had grown temporary horns.
You visited 1 branch of the dungeon, and saw 2 of its levels.

You collected 102 gold pieces.

Inventory:

Missiles
 a - 24 arrows
Scrolls
 e - a scroll of noise {unknown}
 f - a scroll of fear {unknown}
 g - 3 scrolls of magic mapping
 j - a scroll of blinking {unknown}
Potions
 b - 2 potions of heal wounds
 d - a potion of invisibility {unknown}
 h - a potion of lignification
 i - a potion of might {unknown}
Comestibles
 c - 2 rations


   Skills:
 - Level 1.0 Fighting
 - Level 2.6 Dodging
 - Level 3.0 Unarmed Combat
 - Level 2.0 Spellcasting
 + Level 4.5 Transmutations


You had 3 spell levels left.
You knew the following spells:

 Your Spells              Type           Power        Failure   Level  Hunger
a - Beastly Appendage     Tmut           ###...       3%          1    #......
b - Sticks to Snakes      Tmut           ###.....     5%          2    ###....

Your spell library contained the following spells:

 Spells                   Type           Power        Failure   Level  Hunger
 Spider Form              Tmut/Pois      #.........   26%         3    ###....
 Ice Form                 Ice/Tmut       #.......     65%         4    #####..
 Blade Hands              Tmut           ###.......   67%         5    ######.


Dungeon Overview and Level Annotations

Branches:
Dungeon (2/15)

Altars:


Innate Abilities, Weirdness & Mutations

You cannot wear armour.
You are incapable of wielding weapons or throwing items.
Your paws allow you to move quietly. (Stealth)
You have sharp claws.
You have razor-sharp teeth.
You have supernaturally acute eyesight. (SInv)
You are carnivorous and can eat meat at any time.
You cover ground quickly.
You are covered in fur. (AC +1)
You have a slow metabolism.
Your sharp claws are effective at attacking unaware monsters.
You have a pair of horns on your head.


Message History

Unknown command.
Unknown command.
You scratch the sky beast.
You headbutt the sky beast, but do no damage.
You bite the sky beast, but do no damage.
The sky beast is heavily wounded.
Your ball python bites the sky beast but does no damage.
The sky beast flickers out of sight for a moment.
The sky beast hits your ball python. The sky beast shocks your ball python.
Your ball python dies!
Your ball python misses the sky beast.
Unknown command.
You scratch the sky beast but do no damage.
Your headbutt misses the sky beast.
The sky beast is heavily wounded.
Your ball python barely misses the sky beast.
The sky beast hits you.
* * * LOW HITPOINT WARNING * * *
The sky beast shocks you.
You die...

........##.#####...............[.
........##..........SS...........
........#######..................
........# #...#####..........
........#######...# #......<...
..................#####.#.###.###
.........######S........#.###.###
............# #.Y###....#........
.........)..###.@###.##.#.###.###
.....................##.#.# #....
............###..##..##.#.# #.###
(....##..........## .##.#.# #.# #
.....##.......(.... # #.#.#.###
.#...#####.......##. .........
.#...# ......... .. .........
##...# ##......##. . ....##.
##...#####......# # #......


You could see a sky beast and a friendly ball python.

Vanquished Creatures
  An adder (D:2)
  2 ball pythons (D:1)
  9 bats (D:1)
  2 giant cockroaches
  4 hobgoblins
  7 kobolds
  3 frilled lizards
  9 goblins
  2 rats
39 creatures vanquished.

Vanquished Creatures (collateral kills)
  An adder (D:2)
  A rat (D:2)
2 creatures vanquished.

Grand Total: 41 creatures vanquished

Notes
Turn   | Place    | Note
-------+----------+-------------------------------------------
     0 | D:1      | Katsumi the Felid Transmuter began the quest for the Orb.
     0 | D:1      | Reached XP level 1. HP: 9/9 MP: 4/4
   342 | D:1      | Reached skill level 3 in Transmutations
   369 | D:1      | Reached XP level 2. HP: 10/12 MP: 4/6
   799 | D:2      | Learned a level 2 spell: Sticks to Snakes
  1804 | D:1      | Reached XP level 3. HP: 13/15 MP: 5/7
  2021 | D:1      | Reached skill level 4 in Transmutations
  2724 | D:2      | Noticed a sky beast
  3054 | D:2      | Slain by a sky beast

Levels and vault maps discovered:
D:1:      sevenhm_arrival_forest_fort_small_3, layout_loops_corners,
          kennysheep_boxes
D:2:      layout_basic, kennysheep_generic_room_13

Skill      XL: |  1  2  3 |
---------------+----------+-----
Transmutations | 3 4 |  4.5
Fighting       | |  1.0
Dodging        | |  2.6
Unarmed Combat | |  3.0
Spellcasting   | |  2.0

Action                   || total
-------------------------++-------
Melee: Unarmed           ||   120
       Headbutt          ||    10
       Bite              ||     6
       Punch             ||     2
 Cast: Beastly Appendage ||    36
       Sticks to Snakes  ||     6
  Use: Scroll            ||     3
 Stab: Sleeping          ||     1
  Eat: Chunk             ||    12
Armor: Skin              ||    11
Dodge: Dodged            ||   120
